 Dungeon Crawl Stone Soup version bcrawl-1.36 (webtiles) character file.

Game seed: 15943798631122940130

82227 Mrkan the Sneak (level 3, -1/28 HPs)
             Began as a Gnoll Archaeologist on Apr 17, 2022.
             Was an Initiate of Okawaru.
             Killed from afar by Natasha (9 damage)
             ... with a magic dart
             ... on level 3 of the Dungeon.
             The game lasted 00:02:36 (1827 turns).

Mrkan the Sneak (Gnoll Archaeologist)               Turns: 1827, Time: 00:02:37

Health: -1/28      AC:  6    Str: 14    XL:     3   Next: 29%
Magic:  4/4        EV: 15    Int: 16    God:    Okawaru [......]
Gold:   160        SH:  0    Dex: 13    Spells: 3/3 levels left

rFire    . . .     SeeInvis .   a - +0 whip
rCold    . . .     Gourm    .   (no shield)
rNeg     . . .     Faith    .   c - +1 robe
rPois    .         Spirit   .   d - +1 hat
rElec    .         Reflect  .   s - scarf {repulsion}
rCorr    .                      (no gloves)
MR       .....                  v - +1 pair of boots
Stlth    +++.......             (no amulet)
HPRegen  0.09/turn              (no ring)
MPRegen  0.09/turn              (no ring)

@: slowed, repel missiles, very slow
A: distributed training, fangs 1, strong nose
a: Renounce Religion


You were on level 3 of the Dungeon.
You worshipped Okawaru.
Okawaru was noncommittal.
You were hungry.

You visited 1 branch of the dungeon, and saw 3 of its levels.

You collected 160 gold pieces.

Inventory:

Hand Weapons
 a - a +0 whip (weapon)
 b - a +0 blowgun
Missiles
 f - 37 curare-tipped needles
 t - 118 poisoned needles
Armour
 c - a +1 robe (worn)
 d - a +1 hat (worn)
 s - a scarf of repulsion (worn)
 v - a +1 pair of boots (worn)
Jewellery
 r - an uncursed amulet of the acrobat {unknown}
 u - an uncursed ring of magical power {unknown}
Scrolls
 g - 2 scrolls of magic mapping
 i - a scroll of identify
 j - a scroll of amnesia {unknown}
 k - a scroll of fog {unknown}
 l - 3 scrolls of remove curse {unknown}
 m - a scroll of teleportation {unknown}
 o - a scroll of enchant armour {unknown}
 q - a scroll of blinking {unknown}
Potions
 n - a potion of berserk rage {unknown}
 p - a potion of heal wounds {unknown}
Miscellaneous
 h - a dusty tome
Comestibles
 e - 4 rations {!d}


   Skills:
 + Level 2.6 Fighting
 + Level 0.7 Short Blades
 + Level 0.7 Long Blades
 + Level 0.7 Axes
 + Level 2.6 Maces & Flails
 + Level 0.7 Polearms
 + Level 0.7 Staves
 + Level 0.7 Slings
 + Level 0.7 Bows
 + Level 0.7 Crossbows
 + Level 0.7 Throwing
 + Level 0.7 Armour
 + Level 6.5 Dodging
 + Level 6.5 Stealth
 + Level 0.7 Shields
 + Level 0.7 Unarmed Combat
 + Level 0.7 Spellcasting
 + Level 0.5 Conjurations
 + Level 0.5 Hexes
 + Level 0.5 Charms
 + Level 0.5 Summonings
 + Level 0.5 Necromancy
 + Level 0.5 Translocations
 + Level 0.5 Transmutations
 + Level 0.5 Fire Magic
 + Level 0.5 Ice Magic
 + Level 0.5 Air Magic
 + Level 0.5 Earth Magic
 + Level 0.5 Poison Magic
 + Level 0.9 Invocations
 + Level 0.7 Evocations


You had 3 spell levels left.
You didn't know any spells.
Your spell library was empty.

Dungeon Overview and Level Annotations

Branches:
Dungeon (3/12)

Altars:
Fedhas
Gozag
Okawaru
Qazlal
Sif Muna
Xom

Annotations:
D:3 1 transporter, Natasha


Innate Abilities, Weirdness & Mutations

Your experience applies equally to all skills.
You have very sharp teeth.
Your uncanny sense of smell can sniff out nearby items.


Message History

Natasha claws you.
You barely miss Natasha.
Natasha is heavily wounded.
Natasha barely misses you. The orc barely misses you.
Natasha stares at you and mumbles some strange words.
You feel as though you will be slow longer.
You closely miss Natasha.
Natasha is heavily wounded.
The orc hits you with a +0 short sword. Natasha closely misses you.
The orc closely misses you. Natasha closely misses you.
You hit Natasha but do no damage.
Natasha is heavily wounded.
Natasha casts a spell at you. The magic dart hits you!
The orc hits you with a +0 short sword.
* * * LOW HITPOINT WARNING * * *
You hit Natasha.
Natasha is severely wounded.
Natasha stares at you and mumbles some strange words.
The magic dart hits you!
You die...

##.........##
###..##...##..###
#_..###_._###.._#
∆###..#######..###
#.##.........##
#..#####.##### #.# #.#
##'#
#....##.#####..#######
#...h@............>.
#>..o........#######
##.##.######......# ..
#... #......# ...
..... ##.....# ..
..#.... #..#### .
...#.... ##.## #.
.?#### ##..####.#
#.........


You could see Natasha and an orc.

Vanquished Creatures
  2 leopard geckos
  A ball python (D:1)
  3 goblins (D:2)
  8 hobgoblins
  A quokka (D:1)
  3 bats
  5 frilled lizards
  5 kobolds
  2 rats
30 creatures vanquished.

Notes
Turn   | Place    | Note
-------+----------+-------------------------------------------
     0 | D:1      | Mrkan the Gnoll Archaeologist began the quest for the Orb.
     0 | D:1      | Reached XP level 1. HP: 17/17 MP: 1/1
   174 | D:1      | Reached XP level 2. HP: 23/23 MP: 2/2
   563 | D:2      | Found a stormy altar of Qazlal.
   563 | D:2      | Found a blossoming altar of Fedhas.
   817 | D:2      | Reached XP level 3. HP: 28/28 MP: 3/3
  1688 | D:3      | Found a transporter.
  1755 | D:3      | Found a shimmering blue altar of Sif Muna.
  1755 | D:3      | Found an opulent altar of Gozag.
  1763 | D:3      | Found a shimmering altar of Xom.
  1765 | D:3      | Found an iron altar of Okawaru.
  1766 | D:3      | Found a faded altar of an unknown god.
  1785 | D:3      | Became a worshipper of Warmaster Okawaru
  1817 | D:3      | Noticed Natasha
  1827 | D:3      | Killed from afar by Natasha

Action                   || total
-------------------------++-------
Melee: Whip              ||   114
       Bite              ||     8
       Punch             ||     1
 Stab: Sleeping          ||    11
  Eat: Chunk             ||     5
Armor: Robe              ||    34
Dodge: Dodged            ||    96
